 Dungeon Crawl Stone Soup version 0.19-a0-739-gf2af308 (webtiles) character file.

468 Arkorax the Ruffian (level 6, 0/52 HPs)
             Began as a Minotaur Transmuter on June 23, 2016.
             Was an Initiate of Gozag.
             Slain by a gnoll
             ... wielding a +3 spear
              (6 damage)
             ... on level 5 of the Dungeon.
             The game lasted 00:03:45 (3962 turns).

Arkorax the Ruffian (Minotaur Transmuter)           Turns: 3962, Time: 00:03:45

Health: 0/52       AC:  5    Str: 15      XL:     6   Next: 81%
Magic:  7/7        EV: 12    Int:  9 (10) God:    Gozag
Gold:   507        SH:  0    Dex: 12      Spells: 1 memorised, 6 levels left

rFire  . . .     SeeInvis .       - Unarmed
rCold  . . .     Gourm    .     i - +0 ring mail
rNeg   . . .     Faith    .     (no shield)
rPois  .         Spirit   .     (helmet restricted)
rElec  .         Dismiss  .     (no cloak)
rCorr  .         Reflect  .     (no gloves)
SustAt .         Harm     .     (no boots)
MR     +....                    (no amulet)
Stlth  +.........               p - ring of protection from magic
                                e - ring of flight

@: gold aura, somewhat resistant to hostile enchantments, very unstealthy
A: retaliatory headbutt, horns 2
a: Potion Petition, Call Merchant, Bribe Branch, Renounce Religion, Evoke Flight


You were on level 5 of the Dungeon.
You worshipped Gozag.
Gozag was noncommittal.
You were not hungry.

You visited 1 branch of the dungeon, and saw 5 of its levels.

You collected 539 gold pieces.
You paid 32 gold pieces to Gozag.

Inventory:

Hand Weapons
 g - a +2 short sword of distortion
Missiles
 a - 12 arrows
Armour
 b - a +0 robe
 i - a +0 ring mail (worn)
Jewellery
 e - a ring of flight (left hand)
 p - a ring of protection from magic (right hand)
Wands
 q - a wand of slowing (14/48)
Scrolls
 f - 5 scrolls of identify {unknown}
 h - a scroll of remove curse {unknown}
 j - a scroll of recharging {unknown}
 k - a scroll of fear {unknown}
 m - 2 scrolls of amnesia {unknown}
 n - a scroll of enchant weapon {unknown}
 o - 2 scrolls of magic mapping {unknown}
 r - 3 scrolls of teleportation {unknown}
Potions
 d - a potion of mutation {unknown}
 u - a potion of curing {unknown}
Books
 c - a book of Changes

   Spells                             Type                      Level
   a - Beastly Appendage              Transmutation                1
   b - Sticks to Snakes               Transmutation                2
   c - Spider Form                    Transmutation/Poison         3
   d - Ice Form                       Ice/Transmutation            4
   e - Blade Hands                    Transmutation                5
Comestibles
 l - a beef jerky
 s - a meat ration
 t - a bread ration


   Skills:
 + Level 4.1 Fighting
 + Level 4.4 Dodging
 * Level 6.5 Unarmed Combat
 - Level 1.3 Spellcasting
 - Level 1.5 Transmutations


You had 6 spell levels left.
You knew the following spells:

 Your Spells              Type           Power        Failure   Level  Hunger
a - Beastly Appendage     Tmut           #.....       43%         1    ##.....


Dungeon Overview and Level Annotations

Branches:
Dungeon (5/15)             Temple (0/1) D:5

Altars:
Gozag
Pakellas
Trog


Innate Abilities, Weirdness & Mutations

You reflexively headbutt those who attack you in melee.
You have a pair of horns on your head.


Message History

The gnoll shaman seems to slow down.
Evoking this partially-identified wand wasted a few charges.
You punch the gnoll shaman!
You kill the gnoll shaman!
The gnoll barely misses you. You furiously retaliate!
You headbutt the gnoll!
The gnoll hits you from afar with an enchanted spear.
Things that are here:
8 gold pieces; a whip; a leather armour You hit the gnoll.
You kill the gnoll!
The gnoll closely misses you.
The gnoll hits you with an enchanted spear!
* * * LOW HITPOINT WARNING * * *
You see here 8 gold pieces.
You barely miss the gnoll. The gnoll misses you.
You hit the gnoll. You punch the gnoll.
The gnoll is severely wounded.
The gnoll hits you with an enchanted spear.
You die...
Your body crumbles into a pile of gold.

#.#
#...##.#.......#
#.#.####
######.#.......#
#.#....#
#.##......#
#.#....# #.#
#######
.####.#....# #.#
..(..#....# #.#
...#....+ #.#
#$##...########.#
#.$'.......g@$..#
####...##########
#####


You could see a gnoll.

Vanquished Creatures
  The ghost of Groucho the Grave Robber, an amateur DDNe of Hepliaklqana (D:4)
  2 howler monkeys (D:4)
  A crimson imp (D:5)
  A gnoll shaman (D:5)
  A hound (D:4)
  Robin (D:2)
  6 gnolls
  8 adders
  A shadow imp (D:5)
  A worm (D:2)
  A dart slug (D:3)
  2 giant geckos (D:2)
  3 orcs
  2 bats
  3 giant cockroaches (D:4)
  12 goblins
  5 hobgoblins
  4 jackals (D:2)
  5 quokkas
  A giant gecko skeleton (D:4)
  2 giant newts
  4 kobolds
  2 rats (D:3)
69 creatures vanquished.

Notes
Turn   | Place    | Note
--------------------------------------------------------------
     0 | D:1      | Arkorax the Minotaur Transmuter began the quest for the Orb.
     0 | D:1      | Reached XP level 1. HP: 16/16 MP: 1/1
   443 | D:2      | Reached XP level 2. HP: 10/23 MP: 3/3
   636 | D:2      | Found an opulent altar of Gozag.
   698 | D:2      | Became a worshipper of Gozag Ym Sagoz the Greedy
   718 | D:2      | Reached skill level 4 in Unarmed Combat
   718 | D:2      | Reached XP level 3. HP: 29/29 MP: 4/4
   866 | D:2      | Found an oddly glowing altar of Pakellas.
   879 | D:2      | Found an oddly glowing altar of Pakellas.
   944 | D:2      | Noticed Robin
   974 | D:2      | Reached XP level 4. HP: 22/36 MP: 5/5
   983 | D:2      | Killed Robin
  1549 | D:3      | Reached skill level 5 in Unarmed Combat
  1913 | D:3      | Found a bloodstained altar of Trog.
  2421 | D:4      | Noticed Groucho's ghost (amateur DDNe)
  2473 | D:4      | Reached XP level 5. HP: 28/44 MP: 6/6
  2792 | D:4      | Killed Groucho's ghost
  2792 | D:4      | Reached XP level 6. HP: 10/51 MP: 7/7
  2870 | D:4      | Reached skill level 6 in Unarmed Combat
  3859 | D:5      | Entered Level 5 of the Dungeon
  3859 | D:5      | Found a staircase to the Ecumenical Temple.
  3962 | D:5      | Slain by a gnoll

Vault maps used:
D:1:      dpeg_arrival_water_fire, minmay_misc_feat_columns,
          hangedman_decor_lopped, st_stairs_13
D:2:      lemuel_upstairs_altar, lemuel_crystal_altar,
          nicolae_gozag_seed_capital, grunt_pakellas_sulfur, uniq_robin
D:3:      lemuel_coloured_pillars_altar
D:4:      minmay_misc_feat_nine_boxes, minmay_misc_feat_rows, amethyst_killhole
D:5:      serial_shops, nicolae_shop_behind_doors, first_bread, uniq_pikel,
          uniq_grinder, uniq_eustachio

Skill      XL: |  1  2  3  4  5  6 |
---------------+-------------------+-----
Unarmed Combat | 4 5 6 |  6.5
Fighting       | 2 3 4 |  4.1
Dodging        | 3 4 |  4.4
Spellcasting   | |  1.3
Transmutations | |  1.5

Action                   |  1- 3 |  4- 6 || total
-------------------------+-------+-------++-------
Melee: Unarmed           |    64 |   177 ||   241
       Headbutt          |     6 |    17 ||    23
       Punch             |     2 |     5 ||     7
Invok: Potion Petition   |     1 |       ||     1
Evoke: Wand              |       |     2 ||     2
  Use: Potion            |     1 |     3 ||     4
 Stab: Distracted        |       |     1 ||     1
  Eat: Bread ration      |     1 |       ||     1
       Meat ration       |       |     1 ||     1
       Fruit             |       |     4 ||     4
Armor: Robe              |    11 |    11 ||    22
       Ring mail         |       |     8 ||     8
Dodge: Dodged            |    50 |    98 ||   148
